MLB
PITTSBURGH PIRATES @ NEW YORK METS
08/26/2098
 
TOP OF THE 1ST
Pittsburgh Pirates batting - Pitching for New York Mets : RHP Zaire Shaw
Pitching: RHP Zaire Shaw
Batting: SHB Nick Stiles 0-0: Swinging Strike
0-1: Ball
1-1: Ball
2-1: Ball
3-1: Foul Ball, location: 5SF
3-2: Strikes out swinging
Batting: RHB Randy Wilson 0-0: Called Strike
0-1: Ball
1-1: Swinging Strike
1-2: Ball
2-2: Ball
3-2: Foul Ball, location: 25F
3-2: Strikes out swinging
Batting: RHB Zachary Gugliotta 0-0: Foul Ball, location: 9LSF
0-1: SINGLE (Line Drive, 9LS, EV 95.6 MPH)
Batting: SHB Jamie Hoffman 0-0: Ball
1-0: Ball
2-0: TRIPLE (Flyball, 9D, EV 111.3 MPH)
Zachary Gugliotta scores
Batting: RHB Nate D'Acquisto 0-0: Called Strike
0-1: Ball
1-1: TRIPLE (Line Drive, 89XD, EV 106.3 MPH)
Jamie Hoffman scores
Batting: RHB Carlos Flores 0-0: Ball
1-0: Ball
2-0: Ground out 2-3 (Groundball, 13S, EV 61.9 MPH)
Top of the 1st over - 2 runs, 3 hits, 0 errors, 1 left on base; Pittsburgh 2 - New York 0
BOTTOM OF THE 1ST
New York Mets batting - Pitching for Pittsburgh Pirates : RHP Russ Einhorn
Pitching: RHP Russ Einhorn
Batting: RHB Jose de la Rosa 0-0: Called Strike
0-1: Foul Ball, location: 2F
0-2: Foul Ball, location: 25F
0-2: Fly out, F9 (Flyball, 9S, EV 86.3 MPH)
Batting: RHB Ryan Taylor 0-0: Called Strike
0-1: Swinging Strike
0-2: Ball
1-2: Fly out, F3 (Popup, 3SF, EV 79.4 MPH)
Batting: RHB Jeff Hestermann 0-0: Ground out 6-3 (Groundball, 56, EV 99.4 MPH)
Bottom of the 1st over - 0 runs, 0 hits, 0 errors, 0 left on base; Pittsburgh 2 - New York 0
TOP OF THE 2ND
Pittsburgh Pirates batting - Pitching for New York Mets : RHP Zaire Shaw
Batting: LHB Todd Schuller 0-0: Ball
1-0: Ball
2-0: SINGLE (Groundball, 34D, EV 110.0 MPH)
Batting: RHB Alex Velazquez 0-0: Foul Ball, location: 2F
0-1: Fly out, F6 (Popup, 6S, EV 69.4 MPH)
Batting: RHB Verner Johannsen 0-0: Ball
1-0: Foul Ball, location: 2F
1-1: Ball
Todd Schuller steals 2nd base
2-1: Foul Ball, location: 2F
2-2: Ball
3-2: Strikes out swinging
Batting: SHB Nick Stiles 0-0: Called Strike
0-1: Ball
1-1: Foul Ball, location: 23FF
1-2: Foul Ball, location: 2F
1-2: Ground out 4-3 (Groundball, 4, EV 83.8 MPH)
Top of the 2nd over - 0 runs, 1 hit, 0 errors, 1 left on base; Pittsburgh 2 - New York 0
BOTTOM OF THE 2ND
New York Mets batting - Pitching for Pittsburgh Pirates : RHP Russ Einhorn
Batting: SHB Curt Tolley 0-0: Ball
1-0: Ball
2-0: SOLO HOME RUN (Flyball, 78XD, EV 105.0 MPH), Distance : 400 ft
Batting: RHB Marty Krpan 0-0: Swinging Strike
0-1: Fly out, F4 (Popup, 34, EV 54.4 MPH)
Batting: LHB Mike Thompson 0-0: Called Strike
0-1: Ball
1-1: Called Strike
1-2: Strikes out swinging
Batting: RHB Chris Sims 0-0: Ball
1-0: Ball
2-0: SOLO HOME RUN (Flyball, 89XD, EV 98.8 MPH), Distance : 407 ft
Batting: RHB Nate Morrison 0-0: Ball
1-0: Called Strike
1-1: Called Strike
1-2: Foul Ball, location: 2F
1-2: Ball
2-2: Ball
3-2: Foul Ball, location: 7LMF
3-2: SINGLE (Groundball, 4D, EV 104.4 MPH)
Batting: RHB Cesar Oropeza 0-0: Ball
1-0: Called Strike
Nate Morrison steals 2nd base
1-1: Ball
2-1: Ground out 5-3 (Groundball, 56S, EV 63.8 MPH)
Bottom of the 2nd over - 2 runs, 3 hits, 0 errors, 1 left on base; Pittsburgh 2 - New York 2
TOP OF THE 3RD
Pittsburgh Pirates batting - Pitching for New York Mets : RHP Zaire Shaw
Batting: RHB Randy Wilson 0-0: Reached on error, E6 (Groundball, 6M, EV 103.1 MPH)
Batting: RHB Zachary Gugliotta 0-0: Foul Ball, location: 9LDF
0-1: Ball
1-1: Foul Ball, location: 3SF
1-2: Fly out, F7 (Flyball, 7, EV 93.8 MPH)
Batting: SHB Jamie Hoffman 0-0: Ball
1-0: Foul Ball, location: 2F
1-1: Foul Ball, location: 2F
1-2: Ball
2-2: Foul Ball, location: 2F
2-2: Grounds into double play, 4-6-3 (Groundball, 34, EV 97.5 MPH)
Top of the 3rd over - 0 runs, 0 hits, 1 error, 0 left on base; Pittsburgh 2 - New York 2
BOTTOM OF THE 3RD
New York Mets batting - Pitching for Pittsburgh Pirates : RHP Russ Einhorn
Batting: RHB Jose de la Rosa 0-0: Foul Ball, location: 25FF
0-1: Ball
1-1: Ball
2-1: Ground out 4-3 (Groundball, 4S, EV 84.4 MPH)
Batting: RHB Ryan Taylor 0-0: SINGLE (Groundball, 4MD, EV 102.5 MPH)
Batting: RHB Jeff Hestermann 0-0: Swinging Strike
0-1: Foul Ball, location: 2F
0-2: Ball
1-2: Ball
2-2: Strikes out swinging
Batting: SHB Curt Tolley 0-0: Called Strike
0-1: Swinging Strike
0-2: Ball
1-2: Ball
2-2: Ball
3-2: Fly out, F9 (Flyball, 89S, EV 85.6 MPH)
Bottom of the 3rd over - 0 runs, 1 hit, 0 errors, 1 left on base; Pittsburgh 2 - New York 2
TOP OF THE 4TH
Pittsburgh Pirates batting - Pitching for New York Mets : RHP Zaire Shaw
Batting: RHB Nate D'Acquisto 0-0: Ball
1-0: Fly out, F7 (Flyball, 7LD, EV 96.3 MPH)
Batting: RHB Carlos Flores 0-0: Ball
1-0: Ball
2-0: Foul Ball, location: 9LMF
2-1: Ball
3-1: Base on Balls
Batting: LHB Todd Schuller 0-0: Ball
Carlos Flores steals 2nd base
1-0: Ball
2-0: SINGLE (Line Drive, 7S, EV 90.6 MPH)
Carlos Flores to third
Batting: RHB Alex Velazquez 0-0: Ball
Todd Schuller steals 2nd base
1-0: Ball
2-0: DOUBLE (Groundball, 5L, EV 100.0 MPH)
Carlos Flores scores
Todd Schuller scores
Batting: RHB Verner Johannsen 0-0: Ball
1-0: Ball
2-0: Called Strike
2-1: Swinging Strike
2-2: Strikes out looking
Batting: SHB Nick Stiles 0-0: Ball
1-0: Called Strike
1-1: Called Strike
1-2: Foul Ball, location: 2F
1-2: Ball
2-2: Ball
3-2: Base on Balls
Batting: RHB Randy Wilson 0-0: Ball
1-0: Ball
2-0: Ball
3-0: Called Strike
3-1: Base on Balls
Alex Velazquez to third
Nick Stiles to second
Batting: RHB Zachary Gugliotta 0-0: Called Strike
0-1: Ball
1-1: Ball
2-1: Ball
3-1: Foul Ball, location: 2F
3-2: Foul Ball, location: 3FF
3-2: Base on Balls
Alex Velazquez scores
Nick Stiles to third
Randy Wilson to second
Pitching: RHP Steve Rogers
Batting: SHB Jamie Hoffman 0-0: SINGLE (Line Drive, 7LM, EV 108.8 MPH)
Nick Stiles scores
Randy Wilson to third
Zachary Gugliotta to second
Runner from 3rd tries for Home, SAFE, throw by LF to home
Batting: RHB Nate D'Acquisto 0-0: Foul Ball, location: 2F
0-1: Called Strike
0-2: Ball
1-2: Fly out, F9 (Flyball, 89D, EV 106.9 MPH)
Top of the 4th over - 5 runs, 3 hits, 0 errors, 2 left on base; Pittsburgh 7 - New York 2
BOTTOM OF THE 4TH
New York Mets batting - Pitching for Pittsburgh Pirates : RHP Russ Einhorn
Batting: RHB Marty Krpan 0-0: Ball
1-0: Ball
2-0: Called Strike
2-1: SINGLE (Line Drive, 4MD, EV 106.9 MPH)
Batting: LHB Mike Thompson 0-0: Hit by Pitch
Marty Krpan to second
Batting: RHB Chris Sims 0-0: Foul Ball, location: 3FF
0-1: Grounds into double play, 6-4-3 (Groundball, 56, EV 104.4 MPH)
Marty Krpan to third
Batting: RHB Nate Morrison 0-0: Ball
1-0: Called Strike
1-1: Fly out, F8 (Flyball, 8RD, EV 105.0 MPH)
Bottom of the 4th over - 0 runs, 1 hit, 0 errors, 1 left on base; Pittsburgh 7 - New York 2
TOP OF THE 5TH
Pittsburgh Pirates batting - Pitching for New York Mets : RHP Steve Rogers
Batting: RHB Carlos Flores 0-0: Ball
1-0: Fly out, F7 (Flyball, 7S, EV 73.8 MPH)
Batting: LHB Todd Schuller 0-0: Ground out 4-3 (Groundball, 4, EV 90.6 MPH)
Batting: RHB Alex Velazquez 0-0: Foul Ball, location: 2F
0-1: Ball
1-1: Ball
2-1: Ball
3-1: Fly out, F4 (Popup, 34S, EV 78.8 MPH)
Top of the 5th over - 0 runs, 0 hits, 0 errors, 0 left on base; Pittsburgh 7 - New York 2
BOTTOM OF THE 5TH
New York Mets batting - Pitching for Pittsburgh Pirates : RHP Russ Einhorn
Batting: RHB Cesar Oropeza 0-0: Ball
1-0: Called Strike
1-1: Foul Ball, location: 3F
1-2: Fly out, F7 (Flyball, 78S, EV 78.1 MPH)
Batting: RHB Jose de la Rosa 0-0: Ball
1-0: Ball
2-0: Foul Ball, location: 2F
2-1: Foul Ball, location: 7LMF
2-2: Foul Ball, location: 2F
2-2: Fly out, F7 (Flyball, 7LM, EV 83.8 MPH)
Batting: RHB Ryan Taylor 0-0: Swinging Strike
0-1: Swinging Strike
0-2: SINGLE (Groundball, 34D, EV 100.0 MPH)
Batting: RHB Jeff Hestermann 0-0: Ball
1-0: Foul Ball, location: 2F
1-1: Swinging Strike
1-2: Foul Ball, location: 9LDF
1-2: Foul Ball, location: 2F
1-2: Fly out, F9 (Flyball, 9, EV 94.4 MPH)
Bottom of the 5th over - 0 runs, 1 hit, 0 errors, 1 left on base; Pittsburgh 7 - New York 2
TOP OF THE 6TH
Pittsburgh Pirates batting - Pitching for New York Mets : RHP Steve Rogers
Batting: RHB Verner Johannsen 0-0: SINGLE (Groundball, 34D, EV 103.8 MPH)
Batting: SHB Nick Stiles 0-0: Fielders Choice at 2nd, 6-4 (Groundball, 6, EV 113.1 MPH)
Batting: RHB Randy Wilson 0-0: Called Strike
0-1: Ball
1-1: Ball
2-1: Foul Ball, location: 9LSF
2-2: Strikes out swinging
Batting: RHB Zachary Gugliotta 0-0: Ball
Nick Stiles is caught stealing 2nd base 2-4
Top of the 6th over - 0 runs, 1 hit, 0 errors, 0 left on base; Pittsburgh 7 - New York 2
BOTTOM OF THE 6TH
New York Mets batting - Pitching for Pittsburgh Pirates : RHP Russ Einhorn
Batting: SHB Curt Tolley 0-0: Called Strike
0-1: Ball
1-1: Ball
2-1: Ball
3-1: Ground out U3 (Groundball, 3, EV 103.8 MPH)
Batting: RHB Marty Krpan 0-0: SINGLE (Line Drive, 6D, EV 96.9 MPH)
Pitching: LHP Ed Negron
Batting: LHB Mike Thompson 0-0: Ball
Pickoff Throw to First - Out! 1-3
1-0: Ball
2-0: Foul Ball, location: 2F
2-1: Foul Ball, location: 2F
2-2: Strikes out swinging
Bottom of the 6th over - 0 runs, 1 hit, 0 errors, 0 left on base; Pittsburgh 7 - New York 2
TOP OF THE 7TH
Pittsburgh Pirates batting - Pitching for New York Mets : RHP Steve Rogers
Batting: RHB Zachary Gugliotta 0-0: Foul Ball, location: 9LMF
0-1: Foul Ball, location: 2F
0-2: Ball
1-2: Ball
2-2: SOLO HOME RUN (Flyball, 9LD, EV 93.8 MPH), Distance : 358 ft
Batting: SHB Jamie Hoffman 0-0: Swinging Strike
0-1: Called Strike
0-2: Ball
1-2: Ball
2-2: Foul Ball, location: 2F
2-2: Strikes out swinging
Batting: RHB Nate D'Acquisto 0-0: Foul Ball, location: 2F
0-1: Ball
1-1: Swinging Strike
1-2: Foul Ball, location: 3SF
1-2: Foul Ball, location: 9LSF
1-2: Ball
2-2: DOUBLE (Line Drive, 7LS, EV 98.1 MPH)
Batting: RHB Carlos Flores 0-0: Ball
1-0: Called Strike
1-1: Foul Ball, location: 5F
1-2: Foul Ball, location: 2F
1-2: Strikes out swinging
Batting: LHB Todd Schuller 0-0: Ground out U3 (Groundball, 3L, EV 82.5 MPH)
Top of the 7th over - 1 run, 2 hits, 0 errors, 1 left on base; Pittsburgh 8 - New York 2
BOTTOM OF THE 7TH
New York Mets batting - Pitching for Pittsburgh Pirates : LHP Ed Negron
Batting: RHB Chris Sims 0-0: Called Strike
0-1: Ball
1-1: Foul Ball, location: 2LF
1-2: Strikes out looking
Batting: RHB Nate Morrison 0-0: Ball
1-0: Swinging Strike
1-1: Ball
2-1: Called Strike
2-2: Strikes out swinging
Batting: RHB Cesar Oropeza 0-0: Fly out, F9 (Flyball, 89M, EV 86.9 MPH)
Bottom of the 7th over - 0 runs, 0 hits, 0 errors, 0 left on base; Pittsburgh 8 - New York 2
TOP OF THE 8TH
Pittsburgh Pirates batting - Pitching for New York Mets : RHP Steve Rogers
Batting: RHB Alex Velazquez 0-0: Ball
1-0: Swinging Strike
1-1: Ground out 6-3 (Groundball, 6, EV 100.6 MPH)
Pitching: LHP Danny Amador
Batting: RHB Verner Johannsen 0-0: Called Strike
0-1: Ball
1-1: Ball
2-1: Foul Ball, location: 5F
2-2: Ground out 5-3 (Groundball, 56S, EV 69.4 MPH)
Batting: SHB Nick Stiles 0-0: Foul Ball, location: 5FF
0-1: Ball
1-1: Foul Ball, location: 3SF
1-2: Strikes out swinging
Top of the 8th over - 0 runs, 0 hits, 0 errors, 0 left on base; Pittsburgh 8 - New York 2
BOTTOM OF THE 8TH
New York Mets batting - Pitching for Pittsburgh Pirates : LHP Ed Negron
Batting: RHB Jose de la Rosa 0-0: Ball
1-0: Ball
2-0: Ball
3-0: Base on Balls
Batting: RHB Ryan Taylor 0-0: Ball
1-0: Reached via error on a dropped throw from 3B, E3 (Groundball, 56S, EV 70.6 MPH)
Jose de la Rosa to second
Batting: RHB Jeff Hestermann 0-0: Ball
1-0: Foul Ball, location: 9LMF
1-1: Foul Ball, location: 5F
1-2: Foul Ball, location: 25F
1-2: DOUBLE (Line Drive, 89XD, EV 100.6 MPH)
Jose de la Rosa scores
Ryan Taylor to third
Batting: SHB Curt Tolley 0-0: Called Strike
0-1: Called Strike
0-2: Ball
1-2: Ball
2-2: Ball
3-2: Base on Balls
Pitching: RHP Dana House
Batting: RHB Marty Krpan 0-0: Ball
1-0: Fly out, F9 (Flyball, 9LM, EV 92.5 MPH)
Runner from 3rd tags up, SCORES, throw by RF
Jeff Hestermann to third
Batting: LHB Mike Thompson 0-0: Called Strike
0-1: SINGLE (Line Drive, 78S, EV 91.3 MPH)
Jeff Hestermann scores
Curt Tolley to second
Batting: RHB Chris Sims 0-0: Ball
1-0: Foul Ball, location: 25FF
1-1: Ball
2-1: Swinging Strike
2-2: Ball
3-2: Fly out, F5 (Popup, 25F, EV 86.9 MPH)
Pinch Hitting: LHB David Thomas 0-0: Ball
1-0: Ball
2-0: Swinging Strike
2-1: Swinging Strike
2-2: Foul Ball, location: 2F
2-2: Ball
3-2: Foul Ball, location: 7LDF
3-2: Base on Balls
Curt Tolley to third
Mike Thompson to second
Batting: RHB Cesar Oropeza 0-0: Ground out 4-3 (Groundball, 34, EV 83.8 MPH)
Bottom of the 8th over - 3 runs, 2 hits, 1 error, 3 left on base; Pittsburgh 8 - New York 5
TOP OF THE 9TH
Pittsburgh Pirates batting - Pitching for New York Mets : LHP Danny Amador
Now at 3B: Erik Bazan
Batting: RHB Randy Wilson 0-0: Ball
1-0: Called Strike
1-1: Foul Ball, location: 7LSF
1-2: Strikes out swinging, 2-3 out at first.
Batting: RHB Zachary Gugliotta 0-0: Ball
1-0: Ball
2-0: Called Strike
2-1: Foul Ball, location: 2RF
2-2: Strikes out swinging
Batting: SHB Jamie Hoffman 0-0: Fly out, F9 (Line Drive, 89M, EV 91.3 MPH)
Top of the 9th over - 0 runs, 0 hits, 0 errors, 0 left on base; Pittsburgh 8 - New York 5
BOTTOM OF THE 9TH
New York Mets batting - Pitching for Pittsburgh Pirates : RHP Dana House
Batting: RHB Jose de la Rosa 0-0: Ball
1-0: Called Strike
1-1: Swinging Strike
1-2: Fly out, F9 (Line Drive, 9, EV 93.1 MPH)
Batting: RHB Ryan Taylor 0-0: Called Strike
0-1: Foul Ball, location: 9LDF
0-2: Ball
1-2: SINGLE (Groundball, 34, EV 110.0 MPH)
Pitching: RHP Joe Duncan
Batting: RHB Jeff Hestermann 0-0: Ball
1-0: Ball
2-0: Swinging Strike
2-1: Foul Ball, location: 2F
2-2: Grounds into double play, 5-4-3 (Groundball, 56S, EV 89.4 MPH)
Bottom of the 9th over - 0 runs, 1 hit, 0 errors, 0 left on base; Pittsburgh 8 - New York 5
Saturday, April 13th , 2024 - OOTP Baseball 24.11 Build 85